Map: Discordance EC

Players

DiscoProtoss - Winner!

  • Race: Terran Terran
  • League: Master
  • Spawn Location: 7:00

Sorandom

  • Race: Zerg Zerg
  • League: Diamond
  • Spawn Location: 1:00

VOD

Have the link to the VOD?

Description

Time

  • Played on: May 7, 2019, 3:56 a.m.
  • Length: 10:17
Show
View Real Time Build Order
Export as new Build Order

DiscoProtoss Terran - Winner!

Build Orders: Reaper Expand 

Get SALT Encoding   

  12  0:00  SCV  
  13  0:13  SCV  
  14  0:17  Supply Depot  
  14  0:25  SCV  
  15  0:39  SCV  
  15  0:40  Barracks  
  16  0:45  Refinery  
  16  0:51  SCV  
  17  1:03  SCV  
  18  1:15  SCV  
  19  1:28  Orbital Command  
  19  1:31  Reaper  
  20  1:40  Command Center  
  20  1:53  SCV  
  21  2:00  Supply Depot  
  21  2:03  Barracks Reactor  
  21  2:06  SCV  
  22  2:10  Barracks  
  22  2:19  SCV  
  23  2:27  Refinery  
  23  2:31  SCV  
  24  2:39  Marine x2  
  24  2:43  SCV  
  27  2:56  Orbital Command  
  27  2:57  Marine x2  
  27  2:58  Factory  
  29  2:59  Supply Depot  
  29  3:00  Barracks Tech Lab  
  29  3:08  SCV  
  30  3:21  SCV, Marine x3  
  30  3:22  Stimpack  
  30  3:25  SCV  
  35  3:33  SCV  
  35  3:38  SCV  
  36  3:45  SCV, Marine x3  
  36  3:47  Starport  
  39  3:53  Supply Depot, SCV  
  40  3:56  Factory Tech Lab  
  40  3:57  SCV, Factory Reactor  
  41  4:05  SCV  
  41  4:06  Marine x3  
  41  4:09  SCV  
  46  4:13  Supply Depot  
  46  4:17  SCV  
  46  4:21  SCV  
  46  4:24  Marine x3  
  51  4:35  Engineering Bay  
  52  4:38  SCV x2  
  52  4:42  Engineering Bay  
  52  4:45  Medivac x2  
  57  4:46  Marine x3  
  60  4:58  Factory Tech Lab  
  60  5:02  Supply Depot  
  60  5:03  Supply Depot, SCV x2, Refinery x2  
  62  5:10  Marine x3  
  65  5:15  SCV x2  
  65  5:16  Terran Infantry Armor Level 1, Terran Infantry Weapons Level 1  
  65  5:20  Supply Depot  
  67  5:27  SCV  
  68  5:29  Medivac x2  
  68  5:30  Marine  
  68  5:33  SCV  
  74  5:39  SCV  
  74  5:40  Marine  
  74  5:41  Marine  
  74  5:58  Marine x2  
  74  5:59  Siege Tank  
  79  6:10  Marine  
  80  6:11  Medivac x2  
  80  6:16  Marine  
  85  6:19  Barracks  
  85  6:20  Barracks  
  85  6:27  Marine  
  85  6:28  Marine  
  87  6:33  Marine  
  87  6:35  Siege Tank  
  87  6:37  Barracks x2  
  91  6:40  Supply Depot  
  91  6:41  Supply Depot  
  91  6:42  Supply Depot  
  91  6:43  Command Center  
  89  6:55  Marine x3  
  90  7:13  Marine  
  90  7:14  SCV  
  92  7:16  Barracks Reactor  
  92  7:22  Medivac x2  
  96  7:23  Marine  
  96  7:25  Siege Tank  
  102  7:33  Marine x2  
  104  7:38  Barracks Reactor x2  
  104  7:41  Marine  
  104  7:42  Armory  
  94  7:51  Marine  
  94  7:53  Marine x3  
  86  7:59  Medivac x2, Marine  
  88  8:09  Marine  
  88  8:10  Marine  
  88  8:12  Marine x2  
  92  8:16  Marine  
  93  8:28  Marine x5  
  98  8:37  SCV x2  
  100  8:49  SCV  
  98  8:58  Marine x5  
  73  9:03  Marine x4  
  77  9:15  Marine x2  
  77  9:16  Marine x3  
  78  9:20  Medivac x2, Marine  
  78  9:21  Marine x3  
  78  9:23  SCV x2  
  84  9:29  Marine  
  82  9:33  Marine  
  82  9:35  SCV x2, Marine x4  
  82  9:38  Marine x2  
  82  9:45  Orbital Command  
  84  9:47  SCV x2  
  84  9:49  Marine  
  84  9:50  Marine  
  84  9:51  Marine  
  90  9:59  SCV, Marine x2  
Show
View Real Time Build Order
Export as new Build Order

Sorandom Zerg 

Build Orders: Pool First, Muta Ling Bane 

Get SALT Encoding   

  12  0:01  Drone  
  13  0:12  Overlord  
  13  0:17  Drone  
  14  0:31  Drone x2  
  16  0:38  Drone  
  17  0:48  Spawning Pool  
  16  0:51  Extractor  
  16  0:56  Drone x2  
  17  1:09  Drone  
  19  1:18  Drone  
  19  1:30  Overlord  
  19  1:34  Queen  
  21  1:46  Zergling x2  
  22  1:49  Hatchery  
  21  1:54  Metabolic Boost  
  21  1:59  Drone  
  21  2:01  Drone  
  23  2:10  Queen  
  25  2:32  Zergling x2  
  25  2:33  Zergling x2  
  26  2:40  Drone  
  27  3:01  Queen  
  27  3:02  Drone  
  27  3:03  Drone x3  
  33  3:09  Overlord  
  33  3:10  Hatchery  
  32  3:18  Lair  
  32  3:26  Drone x3  
  35  3:29  Drone  
  35  3:34  Drone x2  
  38  3:49  Drone x6  
  44  3:56  Overlord  
  44  3:57  Overlord  
  44  4:04  Baneling Nest  
  44  4:07  Evolution Chamber  
  42  4:10  Drone  
  42  4:11  Evolution Chamber, Drone  
  42  4:16  Extractor  
  42  4:18  Spore Crawler  
  42  4:22  Drone  
  42  4:24  Zergling x2  
  42  4:25  Zergling x6  
  42  4:31  Overseer  
  46  4:37  Spine Crawler, Spore Crawler  
  44  4:41  Zerg Melee Weapons Level 1, Zerg Ground Armor Level 1  
  44  4:47  Baneling  
  44  4:49  Extractor  
  44  4:51  Extractor, Drone x4  
  46  5:04  Drone  
  46  5:05  Drone x6  
  53  5:10  Drone x2  
  53  5:11  Drone  
  56  5:23  Overlord x2  
  56  5:24  Zergling x4  
  58  5:31  Baneling x2  
  58  5:34  Centrifical Hooks  
  58  5:40  Overlord x3  
  58  5:45  Drone x2  
  54  5:59  Zergling x2  
  54  6:00  Zergling x18  
  62  6:05  Zergling x2  
  62  6:09  Baneling x2  
  62  6:12  Zergling x8  
  62  6:15  Zergling x2  
  66  6:20  Zergling x8  
  69  6:30  Baneling x5  
  69  6:35  Hatchery  
  68  6:42  Spire, Zerg Melee Weapons Level 2  
  68  6:45  Baneling  
  68  6:46  Baneling  
  67  6:54  Overlord, Drone  
  67  6:55  Overlord  
  67  7:07  Overlord  
  67  7:08  Overlord x2  
  67  7:09  Infestation Pit, Drone  
  67  7:26  Zergling x8  
  71  7:31  Zerg Ground Armor Level 2  
  71  7:36  Drone x4  
  75  7:47  Zergling x4  
  77  7:53  Drone  
  77  7:54  Drone x2  
  76  8:10  Mutalisk x6  
  85  8:19  Drone x2  
  87  8:21  Spore Crawler  
  87  8:24  Spine Crawler, Queen x2  
  87  8:26  Baneling  
  87  8:27  Baneling x6  
  89  8:28  Zergling x2  
  90  8:36  Mutalisk  
  92  8:46  Zergling x16  
  75  9:03  Zergling x2  
  75  9:04  Zergling x12  
  75  9:06  Baneling  
  75  9:07  Baneling x2  
  75  9:18  Zergling x10  
  75  9:23  Zergling x2  
  75  9:24  Zergling x2  
  79  9:30  Zergling x4  
  77  9:32  Zergling x2  
  78  9:41  Mutalisk x2  
  80  9:53  Zergling x6  
  82  10:02  Drone x3  
  79  10:13  Hatchery  
Tags
 
Add a new tag
Caveats
  • Supply blocks, unpowered buildings, or Contaminate may cause inaccurate times.
  • Supply counts are checked every 10 seconds.